 Dungeon Crawl Stone Soup version 0.30-a0-672-gc3a7216ad8 (webtiles) character file.

Game seed: 11704665746863649693

473 Newt the Chopper (level 6, -3/48 HPs)
             Began as a Demonspawn Gladiator on Jan 18, 2023.
             Was a Follower of Wu Jian.
             Killed from afar by a steam dragon (9 damage)
             ... with a ball of steam
             ... on level 4 of the Dungeon.
             The game lasted 00:04:04 (5087 turns).

Newt the Chopper (Demonspawn Gladiator)             Turns: 5087, Time: 00:04:04

Health: -3/48      AC:  4    Str: 16    XL:     6   Next: 84%
Magic:  6/6        EV: 12    Int:  9    God:    Wu Jian [*.....]
Gold:   249        SH:  6    Dex: 15    Spells: 5/5 levels left

rFire   . . .      SeeInvis .    o - +1 hand axe (flame)
rCold   . . .      Faith    .    (no shield)
rNeg    . . .      Spirit   .    b - +0 leather armour
rPois   .          Reflect  .    c - +0 helmet
rElec   .          Harm     .    (no cloak)
rCorr   .          Rampage  .    (no gloves)
Will    .....                    (no boots)
Stlth   ++                       p - amulet of the acrobat
HPRegen 0.28/turn                (no ring)
MPRegen 0.20/turn                (no ring)

@: no status effects
A: large bone plates 2, demonic guardian 1, magic regeneration
a: Renounce Religion


You were on level 4 of the Dungeon.
You worshipped Wu Jian.
Wu Jian was aware of your devotion.
You visited 1 branch of the dungeon, and saw 4 of its levels.

You collected 249 gold pieces.

Inventory:

Hand Weapons
 a - a +0 rapier
 k - a +0 dagger of venom
 o - a +1 hand axe of flaming (weapon)
Missiles
 d - 4 throwing nets (quivered)
 e - 10 javelins
 j - 12 boomerangs
Armour
 b - a +0 leather armour (worn)
 c - a +0 helmet (worn)
Jewellery
 p - an amulet of the acrobat (around neck)
Wands
 r - a wand of quicksilver (5)
Scrolls
 h - a scroll of amnesia
 q - 2 scrolls of teleportation
Potions
 f - a potion of heal wounds
 g - a potion of mutation
 i - a potion of lignification
 l - a potion of curing
 m - a potion of haste
 n - a potion of degeneration
 s - a potion of attraction {unknown}


   Skills:
 - Level 4.0 Fighting
 - Level 2.6 Short Blades
 + Level 4.7 Axes
 - Level 1.7 Throwing
 - Level 2.6 Dodging
 - Level 3.0 Stealth


You had 5 spell levels left.
You didn't know any spells.
Your spell library contained the following spells:

 Spells                   Type           Power      Damage    Failure   Level
 Freeze                   Ice            0%         1d3       45%         1
 Slow                     Hex            0%         N/A       45%         1
 Confusing Touch          Hex            0%         N/A       83%         3
 Frozen Ramparts          Ice            0%         1d1       83%         3
 Hailstorm                Conj/Ice       0%         3d3       83%         3
 Vampiric Draining        Necr           0%         2d6       83%         3


Dungeon Overview and Level Annotations

Branches:
Dungeon (4/15)
 Temple: D:4-7

Altars:
Dithmenos
Kikubaaqudgha
Makhleb
Qazlal
Wu Jian
Xom

Annotations:
D:4 2 runed translucent doors, Newt's ghost, amateur KoHu


Innate Abilities, Weirdness & Mutations

You are mostly covered in large bone plates. (SH +6)
A weak demonic guardian rushes to your aid.
You regenerate magic rapidly.


Message History

The ball of steam hits you!
You hit the steam dragon but do no damage.
You block the steam dragon's attack. x2
You hit the steam dragon. You burn the steam dragon.
The steam dragon is moderately wounded.
You are engulfed in a cloud of scalding steam.
You block the steam dragon's attack. The steam dragon barely misses you.
You hit the steam dragon but do no damage.
The steam dragon is moderately wounded.
The steam dragon bites you! The steam dragon closely misses you.
You hit the steam dragon. You burn the steam dragon.
The steam dragon is heavily wounded.
The steam dragon barely misses you. The steam dragon claws you.
You hit the steam dragon. You burn the steam dragon.
The steam dragon is heavily wounded.
The steam dragon breathes steam at you. The ball of steam misses you.
You hit the steam dragon but do no damage.
The steam dragon is heavily wounded.
You are engulfed in a cloud of scalding steam.
You block the steam dragon's attack. The steam dragon barely misses you.
You spin and attack the steam dragon.
You hit the steam dragon but do no damage.
The steam dragon is heavily wounded.
You block the steam dragon's attack.
The steam dragon claws you but does no damage.
You hit the steam dragon. You burn the steam dragon.
The steam dragon is severely wounded.
The steam dragon bites you. You block the steam dragon's attack.
You hit the steam dragon but do no damage.
The steam dragon is severely wounded.
The steam dragon bites you!
* * * LOW HITPOINT WARNING * * *
A demonic guardian appears!
The steam dragon claws you.
* * * LOW HITPOINT WARNING * * *
You hit the steam dragon. You burn the steam dragon.
The steam dragon is severely wounded.
The steam dragon breathes steam at you. The ball of steam hits you!
You die...

.#######....# #.#
............# #.#
..>.......#.# #.#
...#####.##.# #.#
.#.# #.##.# #.#
.#.# #.##.# ##.##
...# #.##.#
##...##
.#######....#
##.5...#
.........####
#.@D...#
########.#
#......# #
#.#.#.# #.#...##
# #.#.#.# #.#####
####...#.# #.
##.'._.'.# #.
#..#...#.# #.
...#.#^#.######.#
####.#.#.....)..#


You could see a steam dragon (catching breath, ally target) and a friendly
quasit (summoned).

Vanquished Creatures
  An ogre (D:4)
  A scorpion (D:4)
  3 crimson imps (D:4)
  Ijyb (D:4)
  An orc wizard (D:3)
  6 adders
  A gnoll (D:1)
  2 dart slugs (D:2)
  5 orcs (D:3)
  5 ball pythons
  6 endoplasms
  2 giant cockroaches (D:3)
  7 goblins
  3 hobgoblins
  7 jackals
  4 kobolds
  4 quokkas
  5 bats
  4 frilled lizards
  4 rats
72 creatures vanquished.

Vanquished Creatures (collateral kills)
  An iguana (D:4)
  An adder (D:3)
2 creatures vanquished.

Grand Total: 74 creatures vanquished

Notes
Turn   | Place    | Note
-------+----------+-------------------------------------------
     0 | D:1      | Newt the Demonspawn Gladiator began the quest for the Orb.
     0 | D:1      | Reached XP level 1. HP: 16/16 MP: 1/1
   111 | D:1      | Reached skill level 1 in Stealth
   343 | D:1      | Gained mutation: You are partially covered in large bone
                  | plates. (SH +4) [demonic ancestry]
   343 | D:1      | Reached XP level 2. HP: 5/22 MP: 2/2
   725 | D:1      | Reached XP level 3. HP: 27/27 MP: 3/3
  1062 | D:2      | Found an ancient bone altar of Kikubaaqudgha.
  1574 | D:2      | Gained mutation: A weak demonic guardian rushes to your
                  | aid. [demonic ancestry]
  1574 | D:2      | Reached XP level 4. HP: 30/35 MP: 4/4
  2244 | D:3      | Gained mutation: You are mostly covered in large bone
                  | plates. (SH +6) [demonic ancestry]
  2244 | D:3      | Reached XP level 5. HP: 11/42 MP: 5/5
  2275 | D:3      | Reached skill level 1 in Axes
  2989 | D:3      | Found a faded altar of an unknown god.
  3008 | D:3      | Prayed at the altar of an unknown god.
  3008 | D:3      | Became a worshipper of the Wu Jian Council
  3008 | D:3      | Reached * piety under Wu Jian
  3293 | D:3      | Found a stormy altar of Qazlal.
  3293 | D:3      | Found a shadowy altar of Dithmenos.
  3300 | D:3      | Found a faded altar of an unknown god.
  3302 | D:3      | Found a faded altar of an unknown god.
  3304 | D:3      | Found an ancient bone altar of Kikubaaqudgha.
  3533 | D:4      | Found a burning altar of Makhleb.
  3573 | D:4      | Found a runed translucent door.
  3587 | D:4      | Noticed Newt's ghost (amateur KoHu)
  3645 | D:4      | Found a shimmering altar of Xom.
  3689 | D:4      | Noticed an ogre
  3699 | D:4      | Killed an ogre
  3700 | D:4      | Gained mutation: You regenerate magic rapidly. [demonic
                  | ancestry]
  3700 | D:4      | Reached XP level 6. HP: 19/48 MP: 6/6
  4048 | D:4      | Noticed Ijyb
  4060 | D:4      | Killed Ijyb
  4789 | D:4      | Found a runed translucent door.
  5072 | D:4      | Noticed a steam dragon
  5087 | D:4      | Killed from afar by a steam dragon

Illustrated notes

Levels and vault maps discovered:
D:1:      dpeg_arrival_stonehenge_12_columns, layout_loops_ring
D:2:      layout_basic, basic_altar, minivault_25, chequers_serial_rivers_room_b
D:3:      layout_loops_corners, chequers_temple_overflow_minitemple,
          chequers_ecumenical_altar_simple, grunt_decor_one_mirror, hex_large
D:4:      layout_loops_ring, mainiacjoe_overflow_catwalk, led_xom_imps,
          ebering_ghost_sewer_f, amcnicky_mini_pool_small, skrybe_limestone_x,
          uniq_ijyb

Skill      XL: |  1  2  3  4  5  6 |
---------------+-------------------+-----
Stealth        | 2 3 |  3.0
Fighting       | 3 4 |  4.0
Axes           | 3 4 |  4.7
Short Blades   | |  2.6
Throwing       | |  1.7
Dodging        | |  2.6

Action                   |  1- 3 |  4- 6 || total
-------------------------+-------+-------++-------
Melee: Rapier            |    48 |       ||    48
       Dagger            |    48 |    20 ||    68
       Punch             |     1 |     4 ||     5
       Hand axe          |       |   151 ||   151
Throw: Javelin           |     1 |     3 ||     4
Invok: Lunge             |       |     6 ||     6
       Whirlwind         |       |     2 ||     2
  Use: Scroll            |     3 |     4 ||     7
       Potion            |       |     1 ||     1
 Stab: Sleeping          |     7 |     5 ||    12
Armor: Leather armour    |    27 |    51 ||    78
Dodge: Dodged            |    30 |    87 ||   117
Block: Other             |    15 |    40 ||    55

Table legend: (Time is in decaauts)
 A = Elapsed time spent in this place.
 B = Non-inter-level travel time spent in this place.
 C = Inter-level travel time spent in this place.
 D = Time resting spent in this place.
 E = Time spent auto-exploring this place.
 F = Levels seen in this place.
 G = Mean time per level.
                   A        B        C        D        E       F      G
               +--------+--------+--------+--------+--------+-----+--------+
         Total |   5115 |   5050 |     65 |   1616 |   2810 |   4 | 1278.8 |
       Dungeon |   5115 |   5050 |     65 |   1616 |   2810 |   4 | 1278.8 |
               +--------+--------+--------+--------+--------+-----+--------+

Top non-repeatable levels by time:
     D:4: 1578 daAuts
     D:3: 1337 daAuts
     D:2: 1218 daAuts
     D:1: 981 daAuts
